 Dungeon Crawl Stone Soup version 0.17-a0-1479-g4041c36 (webtiles) character file.

91 magipi the Firebug (level 4, -3/24 HPs)
             Began as a Tengu Fire Elementalist on July 3, 2015.
             Slain by Sigmund
             ... wielding a +0 scythe
              (7 damage)
             ... on level 3 of the Dungeon.
             The game lasted 00:10:15 (2500 turns).

magipi the Firebug (Tengu Fire Elementalist)        Turns: 2500, Time: 00:10:15

Health: -3/24      AC:  2    Str:  8    XL:     4   Next: 59%
Magic:  8/8        EV: 12    Int: 17    God:
Gold:   48         SH:  0    Dex: 14    Spells: 2 memorised, 3 levels left

rFire  . . .     SeeInvis .     u - +0 halberd
rCold  . . .     Clarity  .     a - +0 robe
rNeg   . . .     SustAt   .     (no shield)
rPois  .         Gourm    .     (helmet restricted)
rElec  .         Spirit   .     (no cloak)
rCorr  .         Warding  .     (no gloves)
rMut   .         Stasis   .     (boots unavailable)
MR     .....                    (no amulet)
Stlth  ++........               (no ring)
                                (no ring)

@: not resistant to hostile enchantments, unstealthy
A: beak, talons 3
a: no special abilities


You were on level 3 of the Dungeon.
You were not hungry.

You visited 1 branch of the dungeon, and saw 3 of its levels.

You collected 48 gold pieces.

Notes
Turn   | Place    | Note
--------------------------------------------------------------
     0 | D:1      | magipi the Tengu Fire Elementalist began the quest for the Orb.
     0 | D:1      | Reached XP level 1. HP: 10/10 MP: 4/4
   292 | D:1      | Reached XP level 2. HP: 13/15 MP: 3/6
  1072 | D:2      | Found a white marble altar of Elyvilon.
  1199 | D:2      | Reached XP level 3. HP: 19/19 MP: 4/7
  1204 | D:2      | Learned a level 3 spell: Conjure Flame
  1668 | D:2      | Reached skill level 4 in Fire Magic
  1783 | D:2      | Reached XP level 4. HP: 24/24 MP: 2/8
  2481 | D:3      | Noticed Miyamura's ghost (average SpEE)
  2496 | D:3      | Noticed Sigmund
  2500 | D:3      | Slain by Sigmund

Inventory:

Hand weapons
 e - a +0 club
 h - a +0 dagger
 l - a +0 hand axe
 u - a +0 halberd (weapon)
Missiles
 i - 7 stones (quivered)
 q - 2 throwing nets
Armour
 a - a +0 robe (worn)
Jewellery
 k - an uncursed ring of poison resistance {unknown}
 t - an uncursed ring of stealth {unknown}
Scrolls
 d - a scroll of noise {unknown}
 g - 2 scrolls of blinking
 j - 3 scrolls of teleportation {unknown}
 o - 2 scrolls of identify {unknown}
 s - a scroll of enchant weapon {unknown}
 v - a scroll of immolation {unknown}
 y - a scroll of remove curse {unknown}
Potions
 n - a potion of agility {unknown}
 w - a potion of heal wounds {unknown}
 z - a potion of might {unknown}
Books
 b - a book of Flames

   Spells                             Type                      Level
   a - Flame Tongue                   Conjuration/Fire             1
   b - Throw Flame                    Conjuration/Fire             2
   c - Conjure Flame                  Conjuration/Fire             3
   d - Inner Flame                    Hexes/Fire                   3
   e - Sticky Flame                   Conjuration/Fire             4
   f - Fireball                       Conjuration/Fire             5
Comestibles
 c - 2 bread rations
 f - a royal jelly
 p - 2 meat rations
 r - a beef jerky
 x - a chunk of flesh


   Skills:
 - Level 2.1 Dodging
 - Level 2.0 Stealth
 - Level 2.0 Spellcasting
 + Level 4.4 Conjurations
 + Level 4.4 Fire Magic


You had 3 spell levels left.
You knew the following spells:

 Your Spells              Type           Power        Failure   Level  Hunger
a - Flame Tongue          Conj/Fire      ###..        3%          1    #......
b - Conjure Flame         Conj/Fire      ###.....     12%         3    ###....


Dungeon Overview and Level Annotations

Branches:
Dungeon (3/15)

Altars:
Elyvilon

Annotations:
D:3 Miyamura's ghost, average SpEE; Sigmund


Innate Abilities, Weirdness & Mutations

You have a beak for a mouth.
You have claws for feet.

Vault maps used:
D:1:      enne_arrival_octagon_isle
D:2:      lemuel_doored_altar
D:3:      grunt_temple_overflow_holy_war, kiku_gazebo_pond_becter,
          overflow_temple_1_default, first_bread, st_stairs_14,
          grunt_ministairs_11, minmay_statues_item, uniq_sigmund, uniq_jessica


Message History

You reach to attack!
You miss the jackal.
Attack whom?
Press: ? - help, Dir - move target cursor, f/p - jackal
Aim: a jackal You reach to attack!
You barely miss the jackal.
Attack whom?
Press: ? - help, Dir - move target cursor, f/p - jackal
Aim: a jackal You reach to attack!
You barely miss the jackal. The jackal barely misses you.
You barely miss the jackal. You claw the jackal, but do no damage.
The jackal bites you but does no damage.
The jackal misses you.
You barely miss the jackal. Your kick misses the jackal. You peck the jackal.
The jackal is lightly wounded.
The jackal bites you. The jackal closely misses you. The jackal bites you.
You hit the jackal but do no damage. You claw the jackal, but do no damage.
The jackal is lightly wounded.
The jackal barely misses you. The jackal bites you.
You closely miss the jackal.
The jackal is lightly wounded.
The jackal bites you but does no damage. x2
You puncture the jackal!
You kill the jackal!
The jackal barely misses you. The jackal bites you.
Casting: Conjure Flame
Confirm with . or Enter, or press ? or * to list all spells.
Aiming: Flame Tongue
Press: ? - help, Shift-Dir - straight line, f - jackal
Aim: a jackal The flame tongue hits the jackal.
The jackal appears unharmed.
The jackal closely misses you.
Casting: Flame Tongue
Confirm with . or Enter, or press ? or * to list all spells.
Aiming: Flame Tongue
Press: ? - help, Shift-Dir - straight line, f/p - jackal
Aim: a jackal The flame tongue hits the jackal.
You kill the jackal!
Casting: Flame Tongue
Confirm with . or Enter, or press ? or * to list all spells.
You can't see any susceptible monsters within range! (Use Z to cast anyway.) Unknown command.
You start resting.
You are feeling hungry.
You start resting.
Magic restored.
Things that are here:
a jackal corpse x2
Butcher a jackal corpse? [(y)es/(c)hop/(n)o/(a)ll/(q)uit/?]
Butcher a jackal corpse? [(y)es/(c)hop/(n)o/(a)ll/(q)uit/?]
There isn't anything else to butcher here.
You butcher the jackal corpse.
x - 2 chunks of flesh
Things that are here:
a jackal skeleton; a jackal corpse Eat one of 2 chunks of flesh? (ye/n/q/i?) This raw flesh tastes terrible.
You continue eating. x2
z - a white potion
Found a scroll labeled RAPLIU JYGUSENI.
y - a scroll labeled RAPLIU JYGUSENI You open the door.
There is an open door here.
You enter a teleport trap!
The teleport trap disappears.
Your surroundings suddenly seem different.
Miyamura's ghost (average Spriggan Earth Elementalist) comes into view.
Miyamura's ghost turns its malevolent gaze towards you.
Press: ? - help, v - describe, . - travel
Here: Miyamura's ghost The floor.
For a moment, you lose track of Miyamura's ghost.
Miyamura's ghost gestures at you while chanting.
The rocky blast hits you!
Ouch! That really hurt!
Miyamura's ghost misses you.
Read which item? (? for menu, Esc to quit)
Blink to where?
Press: ? - help, Dir - move target cursor You are very lightly contaminated with residual magic.
As you read the scroll labeled TEAMEA LAUMESE, it crumbles to dust.
It was a scroll of blinking.
An orc comes into view. It is wielding a dagger.
The orc shouts!
Found a stone staircase leading down.
A rat comes into view.
Found an amethyst potion.
An adder and Sigmund come into view.
Sigmund gestures at you while chanting. The puff of flame hits you!
* * * LOW HITPOINT WARNING * * *
Found 4 fruits.
Drink which item? (? for menu, Esc to quit)
It was a potion of cancellation.
Your magical contamination has completely faded away.
You feel magically purged.
Unknown command.
Sigmund closely misses you.
Found a stone staircase leading down.
Sigmund hits you from afar with a scythe!
You die...

.# . #.# .. #..# 8.8
##...#### .>..
#........ 8.8..
#......#
....r.##########......#
.......@.oW...........#
..##......######......#
###>..@# #......#
#.....( ##....##
......... ..W...#
###.....### ##..#..
......# #.... .......#
#.... #....


You could see Sigmund, Miyamura's ghost, an orc and a rat (sleeping).

Vanquished Creatures
  An adder (D:2)
  4 gnolls (D:2)
  A worm (D:2)
  A giant gecko (D:1)
  7 hobgoblins
  5 jackals
  2 quokkas (D:2)
  4 bats
  A giant newt (D:2)
  3 goblins
  6 kobolds
  8 rats
43 creatures vanquished.

Action                   |  1- 3 |  4- 6 || total
-------------------------+-------+-------++-------
Melee: Club              |     2 |       ||     2
       Hand axe          |     6 |       ||     6
       Halberd           |       |    18 ||    18
Throw: Stone             |     1 |     1 ||     2
 Cast: Flame Tongue      |    54 |    17 ||    71
       Conjure Flame     |     3 |     2 ||     5
  Use: Scroll            |       |     1 ||     1
       Potion            |       |     1 ||     1
  Eat: Chunk             |     4 |     3 ||     7

Action                   |  1- 3 |  4- 6 || total
-------------------------+-------+-------++-------
Melee: Club              |     2 |       ||     2
       Hand axe          |     6 |       ||     6
       Halberd           |       |    18 ||    18
Throw: Stone             |     1 |     1 ||     2
 Cast: Flame Tongue      |    54 |    17 ||    71
       Conjure Flame     |     3 |     2 ||     5
  Use: Scroll            |       |     1 ||     1
       Potion            |       |     1 ||     1
  Eat: Chunk             |     4 |     3 ||     7
